 Dungeon Crawl Stone Soup version 0.30-b1-2-g02819fbbbe (webtiles) character file.

Game seed: 14102456977339316458

9 Alarkh the Charlatan (level 2, 22/22 HPs)
             Began as a Demonspawn Artificer on Nov 22, 2023.
             Got out of the dungeon alive.
             The game lasted 00:00:50 (802 turns).

Alarkh the Charlatan (Demonspawn Artificer)          Turns: 802, Time: 00:00:51

Health: 22/22      AC:  4    Str: 12    XL:     2   Next: 3%
Magic:  2/2        EV: 11    Int: 12    God:
Gold:   28         SH:  0    Dex: 13    Spells: 1/1 levels left

rFire   . . .        a - +0 short sword
rCold   . . .        (no shield)
rNeg    . . .        b - +0 leather armour
rPois   .            h - +0 helmet
rElec   .            (no cloak)
rCorr   .            (no gloves)
SInv    .            (no boots)
Will    .....        (no amulet)
Stlth   +            (no ring)
HPRegen 0.23/turn    (no ring)
MPRegen 0.08/turn

%: no passive effects
@: no status effects
A: hooves 1
a: no special abilities


You escaped.
You visited 1 branch of the dungeon, and saw 1 of its levels.

You collected 28 gold pieces.

Inventory:

Hand Weapons
 a - a +0 short sword (weapon)
 i - a +0 club
Armour
 b - a +0 leather armour (worn)
 h - a +0 helmet (worn)
Wands
 c - a wand of flame (12) (quivered)
 d - a wand of charming (15)
 e - a wand of iceblast (5)
Scrolls
 f - a scroll of immolation {unknown}
Potions
 g - a potion of mutation {unknown}
 j - a potion of curing {unknown}


   Skills:
 + Level 2.1 Fighting
 - Level 1.7 Armour
 - Level 0.8 Dodging
 - Level 0.8 Stealth
 - Level 3.0 Evocations


You had one spell level left.
You didn't know any spells.
Your spell library contained the following spells:

 Spells                   Type           Power      Damage    Failure   Level
 Call Canine Familiar     Summ           0%         N/A       77%         3
 Portal Projectile        Hex/Tloc       0%         N/A       77%         3
 Leda's Liquefaction      Hex/Erth       0%         N/A       99%         4


Dungeon Overview and Level Annotations

Branches:
Dungeon (1/15)

Altars:

Shops:
D:1 =


Innate Abilities, Weirdness & Mutations

You have large cloven feet.


Message History

You closely miss the rat. The rat closely misses you.
You hit the rat but do no damage. The rat barely misses you.
You hit the rat.
The rat is heavily wounded.
The rat closely misses you.
You barely miss the rat. Your punch misses the rat.
The rat is heavily wounded.
The rat bites you but does no damage.
You hit the rat.
You kill the rat!
No target in view!
No target in view!
No target in view!
A kobold comes into view.
It is wielding a +0 short sword of holy wrath.
The kobold shouts!
A kobold is nearby!
A kobold is nearby!
A ball python comes into view.
Aiming: Throw Flame
Press: ? - help, Shift-Dir - straight line, f - ball python
Aim: a ball python (wandering, hasn't noticed you, 68% to hit)
The puff of flame hits the ball python!
You kill the ball python!
You have reached level 2!
Your demonic ancestry asserts itself...
Your feet thicken and deform.
Aiming: Throw Flame
Press: ? - help, Shift-Dir - straight line, f - kobold
Aim: a kobold, wielding a +0 short sword of holy wrath (64% to hit)
The puff of flame misses the kobold.
Aiming: Throw Flame
Press: ? - help, Shift-Dir - straight line, f/p - kobold
Aim: a kobold, wielding a +0 short sword of holy wrath (64% to hit)
The puff of flame hits the kobold.
You kill the kobold!
You open the door.
There is an open door here.
There is a staircase leading out of the dungeon here.
Are you sure you want to leave the Dungeon?
This will make you lose the game!
You have escaped!

...............#'##.# ##.........
.###.#..#.######.##.# #..>...###
.###.#..#.######.##.####..###.###
.##...........#...#............##
.##..#..#.....#...#######.###.###
..........#####...## #.###..##
.........#####..8..#### #.#.#..##
........###...........###.#.#..##
###..##.'.....8.@.8.....+...#..##
........###...........###.#.#..##
###..##.######..8..#### #.#.#..##
.............##...### #.#.#..##
###..##.#####.#...#.#####......##
# #..)..# #.#...#....####.#..##
###.....#####.##.##.#### #.#..##
..............##.##)#######.##.##
...............#+##..............


There were no monsters in sight!

Vanquished Creatures
  A hobgoblin (D:1)
  2 ball pythons (D:1)
  3 bats (D:1)
  3 kobolds (D:1)
  2 rats (D:1)
11 creatures vanquished.

Notes
Turn   | Place    | Note
-------+----------+-------------------------------------------
     0 | D:1      | Alarkh the Demonspawn Artificer began the quest for the
                  | Orb.
     0 | D:1      | Reached XP level 1. HP: 15/15 MP: 1/1
   211 | D:1      | Found Qirchas's One-of-a-Kind Rings.
   753 | D:1      | Gained mutation: You have large cloven feet. [demonic
                  | ancestry]
   753 | D:1      | Reached XP level 2. HP: 22/22 MP: 2/2
   802 | D:$      | Got out of the dungeon alive.

Illustrated notes

Levels and vault maps discovered:
D:1:      evilmike_arrival_plus, layout_basic, nicolae_shop_unique_rings,
          minmay_ruptured

Skill      XL: |  1 |
---------------+----+-----
Fighting       | 2 |  2.1
Armour         | |  1.7
Dodging        | |  0.8
Stealth        | |  0.8
Evocations     | |  3.0

Action                     || total
---------------------------++-------
  Melee: Club              ||    37
         Short sword       ||     9
  Evoke: Wand              ||     3
   Stab: Sleeping          ||     1
 Armour: Leather armour    ||    27
  Dodge: Dodged            ||    37
